 Dungeon Crawl Stone Soup version 0.30-b1-2-g02819fbbbe (webtiles) character file.

Game seed: 15210398829316740970

1806 Ashen the Ogre Mage (level 9, -8/87 HPs)
             Began as an Ogre Hedge Wizard on Jan 18, 2024.
             Was an Initiate of Vehumet.
             Mangled by an ice beast (12 damage)
             ... on level 7 of the Dungeon.
             The game lasted 00:19:07 (8309 turns).

Ashen the Ogre Mage (Ogre Hedge Wizard)             Turns: 8309, Time: 00:19:08

Health: -8/87      AC:  3    Str: 16    XL:     9   Next: 9%
Magic:  4/19       EV: 10    Int: 19    God:    Vehumet [......]
Gold:   250        SH:  0    Dex:  8    Spells: 12/21 levels left

rFire   . . .        w - +0 giant club
rCold   . . .        (shield currently unavailable)
rNeg    . . .        b - +0 robe
rPois   .            c - +0 hat
rElec   .            (no cloak)
rCorr   +            (gloves unavailable)
SInv    .            (boots unavailable)
Will    .....        (no amulet)
Stlth   ++           o - ring of resist corrosion
HPRegen 0.34/turn    (no ring)
MPRegen 0.16/turn

%: no passive effects
@: very slightly contaminated
A: large, unfitting armour, tough skin 1
a: Renounce Religion


You were on level 7 of the Dungeon.
You worshipped Vehumet.
Vehumet was noncommittal.
You visited 2 branches of the dungeon, and saw 9 of its levels.

You collected 418 gold pieces.
You spent 168 gold pieces at shops.

Inventory:

Hand Weapons
 a - a +0 dagger
 e - a +1 whip of freezing
 w - a +0 giant club (weapon)
Armour
 b - a +0 robe (worn)
 c - a +0 hat (worn)
Jewellery
 o - a ring of resist corrosion (left hand)
Scrolls
 f - a scroll of brand weapon {unknown}
 h - 5 scrolls of identify
 i - a scroll of poison
 k - a scroll of noise {unknown}
 l - 2 scrolls of fog {unknown}
 n - a scroll of amnesia {unknown}
 u - a scroll of enchant weapon {unknown}
 v - a scroll of immolation {unknown}
 x - a scroll of fear {unknown}
Potions
 d - a potion of magic
 g - 2 potions of invisibility {unknown}
 j - 2 potions of cancellation {unknown}
 m - 5 potions of curing
 p - a potion of flight {unknown}
 q - a potion of ambrosia {unknown}
 r - a potion of haste {unknown}
 s - 2 potions of heal wounds
 t - 2 potions of lignification


   Skills:
 + Level 4.8 Fighting
 + Level 3.2 Maces & Flails
 + Level 3.8 Dodging
 - Level 3.0 Stealth
 * Level 6.9 Spellcasting
 * Level 5.0 Conjurations
 - Level 0.8 Summonings
 - Level 0.8 Translocations
 * Level 3.3 Air Magic


You had 12 spell levels left.
You knew the following spells:

 Your Spells              Type           Power      Damage    Failure   Level
a - Magic Dart            Conj           100%       1d8       1%          1
b - Slow                  Hex            24%        N/A       11%         1
c - Blink                 Tloc           18%        N/A       11%         2
d - Call Imp              Summ           18%        N/A       11%         2
e - Mephitic Cloud        Conj/Pois/Air  17%        N/A       10%         3

Your spell library contained the following spells:

 Spells                   Type           Power      Damage    Failure   Level
 Cigotuvi's Dreadful Rot  Necr/Pois/Air  20%        N/A       10%         2
 Gell's Gravitas          Tloc           9%         N/A       22%         3
 Teleport Other           Tloc           9%         N/A       22%         3
 Dispersal                Tloc           4%         N/A       100%        6


Dungeon Overview and Level Annotations

Branches:
Dungeon (8/15)             Temple (1/1) D:5
   Lair: D:8-11

Altars:
Ashenzari
Cheibriados
Dithmenos
Elyvilon
Fedhas
Gozag
Hepliaklqana
Kikubaaqudgha
Makhleb
Nemelex Xobeh
Okawaru
Ru
Sif Muna
Trog
Uskayaw
Vehumet
Wu Jian
Xom
Yredelemnul
Zin
The Shining One

Shops:
D:4 !


Innate Abilities, Weirdness & Mutations

You are too large for most types of armour.
You have tough skin. (AC +1)


Message History

Confirm with . or Enter, or press ? or * to list all spells.
Aiming: Magic Dart (safe; 1% risk of failure)
Press: ? - help, Shift-Dir - straight line, f/p - ice beast
Aim: an ice beast (severely wounded, 100% to hit)
The magic dart hits the ice beast.
The ice beast is almost dead.
The ice beast barely misses you.
Casting: Magic Dart (safe; 1% risk of failure)
Confirm with . or Enter, or press ? or * to list all spells.
Aiming: Magic Dart (safe; 1% risk of failure)
Press: ? - help, Shift-Dir - straight line, f/p - ice beast
Aim: an ice beast (almost dead, 100% to hit)
The magic dart hits the ice beast.
The ice beast is almost dead.
The ice beast hits you. The ice beast freezes you!
Your magical contamination has completely faded away.
Casting: Magic Dart (safe; 1% risk of failure)
Confirm with . or Enter, or press ? or * to list all spells.
Aiming: Magic Dart (safe; 1% risk of failure)
Press: ? - help, Shift-Dir - straight line, f/p - ice beast
Aim: an ice beast (almost dead, 100% to hit)
The magic dart hits the ice beast but does no damage.
The ice beast is almost dead.
The ice beast hits you. The ice beast freezes you!
* * * LOW HITPOINT WARNING * * *
You barely miss the ice beast.
The ice beast is almost dead.
The ice beast hits you.
* * * LOW HITPOINT WARNING * * *
The ice beast freezes you!
* * * LOW HITPOINT WARNING * * *
Unknown command.
Casting: Magic Dart (safe; 1% risk of failure)
Confirm with . or Enter, or press ? or * to list all spells.
You miscast Blink.
You are very lightly contaminated with residual magic.
Nothing appears to happen.
The ice beast hits you.
* * * LOW HITPOINT WARNING * * *
The ice beast freezes you!
You die...

##.......
##........
#.[........
##..........
#...........
#...........
#..Y........
#..@........
#...........
##..<.......
#.........#
##....###.#
######


You could see an ice beast.

Vanquished Creatures
  Sigmund (D:5)
  A shadow (D:8)
  A yak (D:5)
  A sky beast (D:6)
  2 black bears (D:5)
  3 ogres
  A phantom (D:6)
  2 scorpions (D:4)
  2 howler monkeys
  2 jellies
  A hound (D:4)
  2 orc priests (D:5)
  3 orc wizards
  5 iguanas
  6 adders
  2 worms
  3 dart slugs
  10 orcs
  4 endoplasms
  4 giant cockroaches
  5 goblins
  5 hobgoblins
  5 jackals (D:2)
  2 quokkas
  8 ball pythons
  4 bats
  3 frilled lizards
  7 kobolds
  6 rats
101 creatures vanquished.

Vanquished Creatures (collateral kills)
  An ice beast (D:7)
1 creature vanquished.

Vanquished Creatures (others)
  3 plants (D:5)
  A withered plant (D:2)
4 creatures vanquished.

Grand Total: 106 creatures vanquished

Notes
Turn   | Place    | Note
-------+----------+-------------------------------------------
     0 | D:1      | Ashen the Ogre Hedge Wizard began the quest for the Orb.
     0 | D:1      | Reached XP level 1. HP: 16/16 MP: 5/5
    74 | D:1      | Reached skill level 1 in Conjurations
   384 | D:1      | Reached XP level 2. HP: 26/26 MP: 4/6
  1178 | D:1      | Reached XP level 3. HP: 6/32 MP: 1/8
  1325 | D:2      | Reached skill level 4 in Spellcasting
  1346 | D:2      | Reached skill level 1 in Fighting
  1648 | D:2      | Found a faded altar of an unknown god.
  1934 | D:2      | Reached XP level 4. HP: 38/41 MP: 2/10
  2673 | D:2      | Reached skill level 1 in Maces & Flails
  2908 | D:3      | Reached XP level 5. HP: 48/48 MP: 9/11
  3192 | D:3      | Found a blossoming altar of Fedhas.
  3465 | D:4      | Noticed an ogre
  3490 | D:3      | Learned a level 1 spell: Slow
  3493 | D:3      | Learned a level 2 spell: Blink
  3496 | D:3      | Learned a level 2 spell: Call Imp
  3500 | D:3      | Learned a level 3 spell: Mephitic Cloud
  4125 | D:4      | Found Syheibol's Distillery.
  4146 | D:4      | Bought a potion of heal wounds for 70 gold pieces
  4146 | D:4      | Bought a potion of lignification for 42 gold pieces
  4146 | D:4      | Bought a potion of might for 56 gold pieces
  4325 | D:4      | Reached XP level 6. HP: 6/59 MP: 1/13
  4744 | D:4      | HP: 3/88 [poisoned by a scorpion]
  4745 | D:4      | HP: 1/88 [poisoned by a scorpion]
  4751 | D:4      | Reached skill level 5 in Spellcasting
  5107 | D:4      | Reached XP level 7. HP: 43/66 MP: 5/14
  5214 | D:5      | Entered Level 5 of the Dungeon
  5347 | D:5      | Found an iron altar of Okawaru.
  6191 | D:5      | You fall into a shaft and drop 3 floors!
  6266 | D:8      | Noticed a shadow
  6274 | D:8      | Killed a shadow
  6275 | D:8      | Reached skill level 1 in Air Magic
  6585 | D:6      | Reached XP level 8. HP: 73/76 MP: 16/16
  6616 | D:5      | Noticed Sigmund
  6618 | D:5      | Reached skill level 6 in Spellcasting
  6942 | D:5      | Noticed a yak
  6976 | D:5      | Killed a yak
  7118 | D:5      | Found a staircase to the Ecumenical Temple.
  7135 | D:5      | Killed Sigmund
  7157 | Temple   | Entered the Ecumenical Temple
  7299 | Temple   | Became a worshipper of Vehumet
  7372 | D:6      | Found a broken altar of Ashenzari.
  7622 | D:6      | Reached XP level 9. HP: 80/85 MP: 13/19
  7671 | D:6      | Reached skill level 5 in Conjurations
  8309 | D:7      | HP: 4/87 [ice beast (2)]
  8309 | D:7      | Mangled by an ice beast

Illustrated notes

Levels and vault maps discovered:
D:1:      minmay_arrival_widening_spiral_wide, layout_basic
D:2:      layout_loops_ring, shapermc_ecumenical_altar_flowoftime,
          kennysheep_cross_room
D:3:      layout_basic, mainiacjoe_overflow_concentric_impassable,
          item_on_display_a
D:4:      layout_loops_ring, serial_shops, nicolae_shop_hallway_plus,
          minmay_close_crescents
D:5:      layout_basic, amcnicky_altar_gilded,
          minmay_temple_entry_gardened_gates, minmay_small_thing, uniq_sigmund
D:6:      layout_loops_ring, kennysheep_mini_moat
D:7:      layout_cave_pods, nicolae_underground_beach, uniq_menkaure,
          uniq_prince_ribbit1
D:8:      minmay_chambers_of_sevens, layout_loops_corners
Temple:   compressed_dpeg_circular_temple

Skill      XL: |  1  2  3  4  5  6  7  8  9 |
---------------+----------------------------+-----
Conjurations   | 1 2 3 4 5 |  5.0
Spellcasting   | 4 5 6 |  6.9
Fighting       | 1 2 3 4 |  4.8
Dodging        | 2 3 |  3.8
Maces & Flails | 1 2 3 |  3.2
Stealth        | 2 3 |  3.0
Air Magic      | 1 3 |  3.3
Summonings     | |  0.8
Translocations | |  0.8

Action                     |  1- 3 |  4- 6 |  7- 9 || total
---------------------------+-------+-------+-------++-------
  Melee: Whip              |    23 |    57 |       ||    80
         Giant club        |       |       |   131 ||   131
   Cast: Magic Dart        |    65 |   143 |    51 ||   259
         Call Imp          |       |     7 |     7 ||    14
         Mephitic Cloud    |       |     2 |    18 ||    20
         Blink             |       |     1 |     1 ||     2
         Slow              |       |     1 |       ||     1
    Use: Potion            |       |     2 |     2 ||     4
         Scroll            |       |       |     2 ||     2
   Stab: Sleeping          |       |     1 |     1 ||     2
         Confused          |       |       |     6 ||     6
 Armour: Robe              |    13 |    21 |    34 ||    68
         Skin              |       |    12 |     3 ||    15
  Dodge: Dodged            |    22 |    44 |    61 ||   127
